 Dungeon Crawl Stone Soup version 0.31-a0-844-gdc52ec4e09 (webtiles) character file.

Game seed: 6885134743015201255

429 Kurtz the Chopper (level 6, 0/45 HPs)
             Began as an Octopode Fighter on Sept 29, 2023.
             Was an Initiate of Okawaru.
             Slain by a gnoll
             ... wielding a +0 spear
             ... led by a gnoll bouda
              (4 damage)
             ... on level 4 of the Dungeon.
             The game lasted 00:02:38 (3495 turns).

Kurtz the Chopper (Octopode Fighter)                Turns: 3495, Time: 00:02:38

Health: 0/45       AC:  1    Str: 16    XL:     6   Next: 98%
Magic:  6/6        EV: 13    Int: 10    God:    Okawaru [......]
Gold:   204        SH:  4    Dex: 13    Spells: 5/5 levels left

rFire   + . .        n - +3 flail
rCold   + . .        b - +0 buckler
rNeg    . . .        (helmet restricted)
rPois   +            (no amulet)
rElec   +            (no ring)
rCorr   +            (no ring)
SInv    .            (no ring)
Will    .....        (no ring)
Stlth   ++           (no ring)
HPRegen 0.27/turn    (no ring)
MPRegen 0.10/turn    (no ring)
                     (no ring)

%: no passive effects
@: brilliant, resistant
A: almost no armour, amphibious, 8 rings, camouflage 1, gelatinous body 1,
(nimble swimmer 1), tentacles
a: Renounce Religion


You were on level 4 of the Dungeon.
You worshipped Okawaru.
Okawaru was noncommittal.
You visited 2 branches of the dungeon, and saw 5 of its levels.

You collected 204 gold pieces.

Inventory:

Hand Weapons
 a - a +0 war axe
 n - a +3 flail (weapon)
Armour
 b - a +0 buckler (worn)
Scrolls
 d - 2 scrolls of identify {unknown}
 e - 2 scrolls of vulnerability {unknown}
 f - a scroll of fog {unknown}
 g - a scroll of silence {unknown}
 i - 2 scrolls of fear {unknown}
 k - a scroll of blinking {unknown}
 q - a scroll of brand weapon {unknown}
Potions
 c - a potion of might
 m - a potion of magic {unknown}
 o - a potion of attraction {unknown}
 p - a potion of heal wounds {unknown}
 r - a potion of mutation {unknown}


   Skills:
 - Level 4.8 Fighting
 * Level 6.1 Axes
 - Level 3.0 Dodging
 - Level 3.0 Shields


You had 5 spell levels left.
You didn't know any spells.
Your spell library contained the following spells:

 Spells                   Type           Power      Damage    Failure   Level
 Sigil of Binding         Hex            0%         N/A       82%         3
 Volatile Blastmotes      Fire/Tloc      0%         2d10      82%         3
 Dimensional Bullseye     Hex/Tloc       0%         N/A       99%         4
 Fulminant Prism          Conj/Hex       0%         3d5       99%         4
 Iskenderun's Mystic Bla  Conj/Tloc      0%         2d3       99%         4
 Leda's Liquefaction      Hex/Erth       0%         N/A       99%         4
 Call Canine Familiar     Summ           Unusable   N/A       N/A         3

Dungeon Overview and Level Annotations

Branches:
Dungeon (4/15)             Temple (1/1) D:4

Altars:
Ashenzari
Cheibriados
Dithmenos
Elyvilon
Gozag
Hepliaklqana
Kikubaaqudgha
Nemelex Xobeh
Okawaru
Qazlal
Ru
Sif Muna
Trog
Uskayaw
Vehumet
Wu Jian
Xom
Yredelemnul
Zin
The Shining One

Annotations:
D:3 exclusion: downstairs


Innate Abilities, Weirdness & Mutations

You cannot wear most types of armour.
You are amphibious.
You can wear up to eight rings at the same time.
Your skin changes colour to match your surroundings (Stealth+).
Your rubbery body absorbs attacks. (AC +1, EV +1)
((You are camouflaged when in or above water. (Stealth+)))
You have tentacles for arms and can constrict up to eight enemies at once.


Message History

The gnoll bouda closely misses you.
You are confused.
You feel invigorated. The gnoll barely misses you.
The gnoll bouda hits you with a +0 club.
* * * LOW HITPOINT WARNING * * *
You bump into the rock wall.
The gnoll bouda hits you with a +0 club!
* * * LOW HITPOINT WARNING * * *
The gnoll closely misses you.
You closely miss the gnoll bouda. Your squeeze misses the gnoll bouda.
The gnoll bouda barely misses you. The gnoll barely misses you.
Unknown command.
You bump into the rock wall.
The gnoll bouda hits you with a +0 club.
* * * LOW HITPOINT WARNING * * *
The gnoll hits you but does no damage.
You bump into the rock wall.
The gnoll bouda barely misses you. The gnoll closely misses you.
You bump into the rock wall.
The gnoll bouda hits you with a +0 club.
The gnoll barely misses you.
The gnoll bouda attacks as it pursues you!
The gnoll bouda hits you with a +0 club!
* * * LOW HITPOINT WARNING * * *
The gnoll attacks as it pursues you!
The gnoll hits you from afar with a +0 spear!
* * * LOW HITPOINT WARNING * * *
You barely miss the gnoll bouda.
You feel less invigorated.
You feel less confused.
The gnoll hits you from afar with a +0 spear.
* * * LOW HITPOINT WARNING * * *
It was a potion of resistance.
You feel protected. The gnoll bouda barely misses you.
You block the gnoll's attack.
It was a potion of brilliance.
You feel clever all of a sudden.
The gnoll bouda barks out a call to the hunt!
The gnoll picks up the pace!
The gnoll hits you from afar with a +0 spear.
You die...

# #)# #.# .
######.## ##### #.#
# ##.......#
#...###.# ......#..#
#.......#
.#.##...g###...#####
#.##...)>###.##
.....>...## #.#
.#.#..#..####g# #
#.......g.@#
.....##.######
#.......# #########


You could see a gnoll bouda and a gnoll (swift).

Vanquished Creatures
  3 scorpions (D:4)
  An orc priest (D:4)
  A hound (D:4)
  A sleepcap (D:4)
  An iguana (D:4)
  4 adders
  3 gnolls (D:4)
  2 dart slugs
  16 orcs
  3 bats
  5 endoplasms
  3 giant cockroaches
  5 goblins
  A hobgoblin (D:1)
  2 jackals (D:2)
  3 ball pythons
  4 frilled lizards
  7 kobolds
  2 rats
67 creatures vanquished.

Notes
Turn   | Place    | Note
-------+----------+-------------------------------------------
     0 | D:1      | Kurtz the Octopode Fighter began the quest for the Orb.
     0 | D:1      | Reached XP level 1. HP: 16/16 MP: 1/1
   316 | D:1      | Reached XP level 2. HP: 21/21 MP: 2/2
   904 | D:2      | Reached XP level 3. HP: 23/26 MP: 3/3
   959 | D:2      | Reached skill level 3 in Axes
  1721 | D:3      | Reached XP level 4. HP: 33/33 MP: 4/4
  2505 | D:4      | Reached skill level 4 in Axes
  2505 | D:4      | Reached XP level 5. HP: 25/37 MP: 5/5
  2729 | D:4      | Reached XP level 6. HP: 40/44 MP: 6/6
  2758 | D:4      | Reached skill level 5 in Axes
  2817 | D:4      | HP: 2/44 [gnoll/+0 spear[a gnoll bouda] (9)]
  3025 | D:4      | Found a staircase to the Ecumenical Temple.
  3083 | Temple   | Entered the Ecumenical Temple
  3091 | Temple   | Became a worshipper of Warmaster Okawaru
  3370 | D:4      | Reached skill level 6 in Axes
  3492 | D:4      | HP: 1/45 [gnoll/+0 spear[a gnoll bouda] (11)]
  3495 | D:4      | Slain by a gnoll

Illustrated notes

Levels and vault maps discovered:
D:1:      elethiomel_arrival_shortcut, layout_basic
D:2:      layout_loops_corners
D:3:      layout_loops_cross, hangedman_decor_lopped, minmay_door_square
D:4:      layout_loops_corners, temple_statues
Temple:   nicolae_temple_bog_church

Skill      XL: |  1  2  3  4  5  6 |
---------------+-------------------+-----
Axes           | 3 4 6 |  6.1
Fighting       | 4 |  4.8
Dodging        | |  3.0
Shields        | |  3.0

Action                     |  1- 3 |  4- 6 || total
---------------------------+-------+-------++-------
  Melee: War axe           |    59 |       ||    59
         Tentacles         |     6 |    19 ||    25
         Constrict         |    16 |    22 ||    38
         Flail             |     2 |    75 ||    77
         Punch             |       |     3 ||     3
    Use: Potion            |       |     4 ||     4
   Stab: Sleeping          |     3 |     9 ||    12
 Armour: Skin              |    21 |    61 ||    82
  Dodge: Dodged            |    38 |    57 ||    95
  Block: Buckler           |     9 |    28 ||    37

Table legend: (Time is in decaauts)
 A = Elapsed time spent in this place.
 B = Non-inter-level travel time spent in this place.
 C = Inter-level travel time spent in this place.
 D = Time resting spent in this place.
 E = Time spent auto-exploring this place.
 F = Levels seen in this place.
 G = Mean time per level.
                   A        B        C        D        E       F      G
               +--------+--------+--------+--------+--------+-----+--------+
         Total |   3543 |   3433 |    110 |    463 |   2425 |   5 |  708.6 |
       Dungeon |   3525 |   3423 |    102 |    463 |   2425 |   4 |  881.2 |
        Temple |     17 |      9 |      8 |      0 |      0 |   1 |   17.0 |
               +--------+--------+--------+--------+--------+-----+--------+

Top non-repeatable levels by time:
     D:3: 1030 daAuts
     D:2: 946 daAuts
     D:4: 886 daAuts
     D:1: 662 daAuts
  Temple: 17 daAuts
